 Dungeon Crawl Stone Soup version 0.29.0-15-g675c0067aa (webtiles) character file.

Game seed: 11493402640507660771

4256 qw the Blocker (level 10, 0/124 HPs)
             Began as a Minotaur Berserker on Sept 12, 2022.
             Was an Elder of Trog.
             Succumbed to a hornet's poison
             ... on level 8 of the Dungeon.
             The game lasted 00:02:49 (8775 turns).

qw the Blocker (Minotaur Berserker)                 Turns: 8775, Time: 00:02:50

Health: 0/124      AC: 11    Str: 33    XL:     10   Next: 10%
Magic:  9/9        EV:  6    Int:  4    God:    Trog [****..]
Gold:   241        SH: 16    Dex:  9    Spells: 9/9 levels left

rFire   + . .      SeeInvis .   Y - +2 war axe
rCold   . . .      Faith    .   d - +0 tower shield {rF+}
rNeg    . . .      Spirit   .   a - +0 plate armour
rPois   .          Reflect  .   (helmet restricted)
rElec   .          Harm     .   (no cloak)
rCorr   .          Rampage  .   (no gloves)
Will    .....                   (no boots)
Stlth   ..........              (no amulet)
HPRegen 0.30/turn               k - +6 ring of strength
MPRegen 0.11/turn               (no ring)

@: berserking, lethally poisoned (0 -> -21), slowed
A: horns 2, retaliatory headbutt
a: Renounce Religion, Berserk, Trog's Hand, Brothers in Arms


You were on level 8 of the Dungeon.
You worshipped Trog.
Trog was greatly pleased with you.
You visited 1 branch of the dungeon, and saw 8 of its levels.
You also visited: Ossuary.

You collected 620 gold pieces.
You spent 379 gold pieces at shops.


Innate Abilities, Weirdness & Mutations

You have a pair of horns on your head.
You reflexively headbutt those who attack you in melee.


   Skills:
 - Level 6.2 Fighting
 + Level 11.6 Axes
 - Level 4.2 Armour
 - Level 2.1 Dodging
 - Level 12.0 Shields


You had 9 spell levels left.
You didn't know any spells.
Your spell library was empty.

Inventory:

Hand Weapons
 g - a +2 vorpal flail
 Y - a +2 war axe (weapon)
Armour
 a - a +0 plate armour (worn)
 d - a +0 tower shield of fire resistance (worn)
Jewellery
 k - a +6 ring of strength (left hand)
Scrolls
 h - a scroll of noise {unknown}
 j - 4 scrolls of identify
Potions
 b - 4 potions of mutation
 c - a potion of haste
 e - 2 potions of heal wounds
 f - 4 potions of curing
 i - a potion of might {unknown}
 l - a potion of resistance
 m - 3 potions of cancellation

Dungeon Overview and Level Annotations

Branches:
Dungeon (8/15)             Temple (0/1) D:5         Ossuary (visited)
   Lair: D:8-11

Altars:
Dithmenos
Gozag
Hepliaklqana
Ru
Uskayaw
Vehumet
Wu Jian
Xom

Shops:
D:3 :   D:4 *   D:5 [   D:7 (

Annotations:
D:3 1 transporter, qw's ghost, amateur GrFi
D:4 1 runed translucent door, Crazy Yiuf
D:6 2 transporters
D:7 1 runed translucent door, qw's ghost, novice GrFi


Message History

You are more poisoned.
The killer bee poisons you! The hornet stings you!
You are more poisoned.
You shrug off the repeated paralysis!
You block the hornet's attack. You block the killer bee's attack.
The hornet stings you!
You shrug off the repeated paralysis!
The hornet closely misses you. You furiously retaliate!
You headbutt the hornet.
8773 ||| INVOKING Berserk.
A red film seems to cover your vision as you go berserk!
You feel yourself moving faster!
You feel mighty!
You feel extremely sick.
The killer bee stings you but does no damage.
The hornet stings you.
You feel as though you will be slow longer.
The hornet stings you!
You feel as though you will be slow longer.
You block the killer bee's attack.
The hornet stings you but does no damage.
You block the hornet's attack.
The killer bee stings you but does no damage.
The hornet stings you.
You are more poisoned.
You feel as though you will be slow longer.
You closely miss the hornet. You headbutt the hornet.
The hornet is almost dead.
You closely miss the killer bee. You hit the hornet.
You feel extremely sick. You block the killer bee's attack.
The hornet stings you but does no damage.
The killer bee stings you but does no damage.
You block the hornet's attack.
The hornet stings you but does no damage.
The killer bee barely misses you.
You closely miss the hornet.
The hornet is severely wounded.
You slash the killer bee!
You kill the killer bee!
Trog accepts your kill.
You slash the hornet!
You die...

#.......#...# #####...########
###...#.#...# #...........# #
###...#.#...# #.###...###.# #
.....## #...######.# ##.####.####
...................# #.###...##.
........########...####.##.......
###.#.### #.#......#........
#.#.# #'####.###........ #.###
#@# #...#.#...##. #.# #yy%#
###......#### #.# ##o## #..#.####
# #.# ####.# # # [.. #.# # # #.#
#.# # #.# ... $.( ..# ...


You could see 2 hornets and an orc.

Vanquished Creatures
  Pikel (D:5)
  Prince Ribbit (D:8)
  A wyvern (D:8)
  6 yaks (D:8)
  Edmund (D:5)
  Duvessa (D:4)
  A sky beast (D:6)
  A lemure (D:5)
  2 centaurs (D:7)
  A kobold brigand (D:7)
  2 phantoms (D:5)
  3 bullfrogs (D:6)
  4 scorpions
  8 wights
  Dowan (D:4)
  5 killer bees (D:8)
  A howler monkey (D:6)
  2 hounds (D:6)
  3 jellies
  2 orc priests
  2 gnoll boudas
  Ijyb (D:5)
  5 iguanas
  4 orc wizards
  8 mummies (Ossuary)
  An adder (D:6)
  11 gnolls
  A white imp (D:7)
  3 ufetubi
  A dart slug (D:4)
  24 orcs
  4 ball pythons
  4 bats
  4 endoplasms
  3 giant cockroaches
  3 gnoll zombies (Ossuary)
  13 goblins
  7 hobgoblins
  7 jackals
  8 kobolds
  2 quokkas
  10 frilled lizards
  A hobgoblin zombie (Ossuary)
  2 kobold zombies (Ossuary)
  2 orc zombies (Ossuary)
  6 rats
184 creatures vanquished.

Vanquished Creatures (others)
  An adder (D:2)
  A bat (D:2)
  5 plants (D:6)
7 creatures vanquished.

Grand Total: 191 creatures vanquished

Notes
Turn   | Place    | Note
-------+----------+-------------------------------------------
     0 | D:1      | qw the Minotaur Berserker began the quest for the Orb.
     0 | D:1      | Reached XP level 1. HP: 19/19 MP: 0/0
     0 | D:1      | 0 ||| qw: Version: 0.1-a-119-g272c26d
     0 | D:1      | 0 ||| qw: Game counter: 10783
     0 | D:1      | 0 ||| qw: Always use a shield: true
     0 | D:1      | 0 ||| qw: Do Orc after D:15 true
     0 | D:1      | 0 ||| qw: Do second Lair branch before Depths: true
     0 | D:1      | 0 ||| qw: Lair rune preference: random
     0 | D:1      | 0 ||| qw: Plans: Normal
     0 | D:1      | 0 ||| PLANNING D:1-11
    27 | D:1      | 27 ||| Stepping ~*~*~tactically~*~*~ (stealth).
   149 | D:1      | Found a faded altar of an unknown god.
   169 | D:1      | 169 ||| DROPPING +0 club.
   221 | D:1      | Reached XP level 2. HP: 25/26 MP: 1/1
   406 | D:1      | 406 ||| Stepping ~*~*~tactically~*~*~ (stealth).
   410 | D:1      | 410 ||| Stepping ~*~*~tactically~*~*~ (stealth).
   430 | D:1      | 430 ||| INVOKING Berserk.
   438 | D:1      | Reached XP level 3. HP: 31/31 MP: 2/2
   756 | D:1      | 756 ||| UPGRADING to +0 ring mail.
   766 | D:1      | 766 ||| DROPPING +0 animal skin.
   767 | D:1      | 767 ||| READING scroll labelled NOXI ENA RUW.
   768 | D:1      | 768 ||| READING scroll labelled KENUMI SOLEASM.
   769 | D:1      | 769 ||| DRINKING 2 silvery potions.
   770 | D:1      | 770 ||| DRINKING 2 clear potions.
   787 | D:2      | You fall into a shaft and drop 1 floor!
   801 | D:3      | Noticed a bullfrog
   914 | D:3      | 914 ||| READING scroll labelled ADIFRU GEITWA.
   973 | D:2      | 973 ||| SWAPPING to +0 war axe.
   974 | D:2      | 974 ||| DROPPING +0 hand axe.
  1025 | D:2      | 1025 ||| Stepping ~*~*~tactically~*~*~ (stealth).
  1032 | D:2      | 1032 ||| Stepping ~*~*~tactically~*~*~ (stealth).
  1064 | D:2      | 1064 ||| Stepping ~*~*~tactically~*~*~ (stealth).
  1069 | D:2      | Reached ** piety under Trog
  1128 | D:2      | 1128 ||| Stepping ~*~*~tactically~*~*~ (stealth).
  1130 | D:2      | 1130 ||| Stepping ~*~*~tactically~*~*~ (stealth).
  1152 | D:2      | 1152 ||| Stepping ~*~*~tactically~*~*~ (stealth).
  1153 | D:2      | 1153 ||| Stepping ~*~*~tactically~*~*~ (stealth).
  1154 | D:2      | 1154 ||| Stepping ~*~*~tactically~*~*~ (stealth).
  1155 | D:2      | 1155 ||| Stepping ~*~*~tactically~*~*~ (stealth).
  1712 | D:2      | 1712 ||| UPGRADING to +0 buckler.
  1717 | D:2      | 1717 ||| UPGRADING to +0 chain mail.
  1727 | D:2      | 1727 ||| DROPPING +0 ring mail.
  1728 | D:2      | 1728 ||| READING scroll labelled FEHAON TE UMIM.
  1729 | D:2      | 1729 ||| READING scroll labelled HETURE UW AZA.
  1730 | D:2      | 1730 ||| READING scroll labelled LIHOVVOLUST.
  1731 | D:2      | 1731 ||| READING 2 scrolls of identify.
  1731 | D:2      | 1731 ||| IDENTIFYING murky emerald potion
  1956 | D:3      | 1956 ||| FLEEEEING.
  1958 | D:3      | 1958 ||| FLEEEEING.
  1959 | D:3      | 1959 ||| FLEEEEING.
  1967 | D:3      | Reached XP level 4. HP: 33/39 MP: 3/3
  1968 | D:3      | 1968 ||| STAIRDANCE
  2131 | D:3      | 2131 ||| DROPPING +0 mace.
  2136 | D:3      | Found a transporter.
  2139 | D:3      | Noticed qw's ghost (amateur GrFi)
  2143 | D:3      | Identified the +8 great mace "Jeups" {vorpal, rC+}
  2143 | D:3      | Noticed an ogre
  2150 | D:3      | Found Duazyp's Vocational Training.
  2206 | D:3      | Found a shimmering altar of Xom.
  2586 | D:3      | 2586 ||| READING scroll labelled RIWAOKHO BAFUJOL.
  2601 | D:4      | 2601 ||| PLANNING OSSUARY
  2659 | D:4      | 2659 ||| Stepping ~*~*~tactically~*~*~ (stealth).
  2661 | D:4      | 2661 ||| Stepping ~*~*~tactically~*~*~ (stealth).
  2664 | D:4      | Reached skill level 1 in Shields
  2669 | D:4      | Reached skill level 6 in Axes
  2714 | D:4      | Found an opulent altar of Gozag.
  2717 | D:4      | Found Gozag's Platinum Reserve.
  2806 | D:4      | Found a sand-covered staircase.
  2811 | Ossuary  | Entered an ossuary
  2839 | Ossuary  | Reached skill level 2 in Shields
  2890 | Ossuary  | Reached XP level 5. HP: 38/45 MP: 4/4
  2949 | Ossuary  | Reached *** piety under Trog
  2998 | Ossuary  | 2998 ||| READING scroll of enchant weapon.
  2998 | Ossuary  | 2998 ||| ENCHANTING +1 war axe.
  3233 | Ossuary  | 3233 ||| READING scroll labelled SUNEG EMNOG.
  3234 | Ossuary  | 3234 ||| DRINKING 3 bubbling black potions.
  3335 | Ossuary  | 3335 ||| DRINKING 2 fizzy green potions.
  3336 | Ossuary  | 3336 ||| DROPPING 2 potions of ambrosia.
  3337 | Ossuary  | 3337 ||| DROPPING potion of brilliance.
  3357 | D:4      | 3357 ||| PLANNING D:1-11
  3405 | D:4      | 3405 ||| INVOKING Berserk.
  3519 | D:4      | Found a hide-covered altar of Uskayaw.
  3622 | D:4      | Found a runed translucent door.
  3623 | D:4      | Noticed Crazy Yiuf
  3717 | D:4      | 3717 ||| Stepping ~*~*~tactically~*~*~ (hiding).
  3843 | D:4      | 3843 ||| SHOPLISTING +6 whip of the Hummingbird {flame,
                  | rF++ rC- rCorr Int-5} (4710 gold, have 367).
  3843 | D:4      | 3843 ||| SHOPLISTING ring "Nici" {Drain rF+ Str+3 Dex+6}
                  | (4530 gold, have 367).
  3983 | D:4      | Found an ornate altar of the Wu Jian Council.
  3983 | D:4      | Noticed Duvessa
  3984 | D:4      | 3984 ||| INVOKING Berserk.
  3984 | D:4      | Noticed Dowan
  3987 | D:4      | Killed Duvessa
  3988 | D:4      | Reached XP level 6. HP: 52/52 MP: 5/5
  3997 | D:4      | Killed Dowan
  4125 | D:4      | 4125 ||| INVOKING Berserk.
  4141 | D:4      | 4141 ||| Stepping ~*~*~tactically~*~*~ (stealth).
  4142 | D:4      | 4142 ||| Stepping ~*~*~tactically~*~*~ (stealth).
  4144 | D:4      | 4144 ||| Stepping ~*~*~tactically~*~*~ (stealth).
  4193 | D:4      | 4193 ||| FLEEEEING.
  4194 | D:4      | 4194 ||| FLEEEEING.
  4198 | D:4      | 4198 ||| FLEEEEING.
  4199 | D:4      | 4199 ||| FLEEEEING.
  4200 | D:4      | 4200 ||| FLEEEEING.
  4204 | D:4      | 4204 ||| FLEEEEING.
  4205 | D:4      | 4205 ||| FLEEEEING.
  4206 | D:4      | 4206 ||| FLEEEEING.
  4207 | D:4      | 4207 ||| FLEEEEING.
  4212 | D:4      | 4212 ||| FLEEEEING.
  4213 | D:4      | 4213 ||| FLEEEEING.
  4214 | D:4      | 4214 ||| FLEEEEING.
  4215 | D:4      | 4215 ||| FLEEEEING.
  4216 | D:4      | 4216 ||| FLEEEEING.
  4217 | D:4      | 4217 ||| FLEEEEING.
  4222 | D:4      | 4222 ||| INVOKING Berserk.
  4369 | D:4      | 4369 ||| DROPPING +0 whip of venom.
  4381 | D:4      | Found a shadowy altar of Dithmenos.
  4474 | D:4      | 4474 ||| UPGRADING to +6 ring of strength.
  4475 | D:4      | 4475 ||| DRINKING 2 pink potions.
  4476 | D:4      | 4476 ||| DRINKING 2 white potions.
  4477 | D:4      | 4477 ||| READING 4 scrolls of identify.
  4477 | D:4      | 4477 ||| IDENTIFYING grey potion
  4478 | D:4      | 4478 ||| READING 3 scrolls of identify.
  4478 | D:4      | 4478 ||| IDENTIFYING murky dark potion
  4479 | D:4      | 4479 ||| READING 2 scrolls of identify.
  4479 | D:4      | 4479 ||| IDENTIFYING ruby potion
  4480 | D:4      | 4480 ||| DROPPING potion of flight.
  4481 | D:4      | 4481 ||| DROPPING potion of attraction.
  4482 | D:4      | 4482 ||| DROPPING potion of degeneration.
  4514 | D:5      | Entered Level 5 of the Dungeon
  4514 | D:5      | Found Joiffin's Armour Boutique.
  4520 | D:5      | 4520 ||| BUYING +0 plate armour (253 gold).
  4520 | D:5      | Bought a +0 plate armour for 253 gold pieces
  4520 | D:5      | 4520 ||| BUYING +0 tower shield of fire resistance (126
                  | gold).
  4520 | D:5      | Bought a +0 tower shield of fire resistance for 126 gold
                  | pieces
  4670 | D:5      | Noticed Pikel
  4677 | D:5      | 4677 ||| INVOKING Berserk.
  4684 | D:5      | Killed Pikel
  4685 | D:5      | Reached XP level 7. HP: 59/59 MP: 6/6
  4820 | D:5      | Found a radiant altar of Vehumet.
  4828 | D:5      | 4828 ||| Stepping ~*~*~tactically~*~*~ (hiding).
  4841 | D:5      | Reached skill level 3 in Shields
  4841 | D:5      | Reached XP level 8. HP: 39/66 MP: 7/7
  4980 | D:5      | Identified the +8 sling of Mezulid {flame, +Blink rElec
                  | Int-4 Dex+5}
  5049 | D:5      | 5049 ||| INVOKING Berserk.
  5054 | D:5      | Reached skill level 3 in Armour
  5057 | D:5      | Noticed Edmund
  5058 | D:5      | 5058 ||| Stepping ~*~*~tactically~*~*~ (stealth).
  5059 | D:5      | 5059 ||| Stepping ~*~*~tactically~*~*~ (stealth).
  5070 | D:5      | Killed Edmund
  5071 | D:5      | Reached skill level 6 in Fighting
  5297 | D:5      | Found a staircase to the Ecumenical Temple.
  5310 | D:5      | Noticed Ijyb
  5312 | D:5      | 5312 ||| Stepping ~*~*~tactically~*~*~ (hiding).
  5314 | D:5      | 5314 ||| INVOKING Berserk.
  5318 | D:5      | Killed Ijyb
  5565 | D:5      | 5565 ||| UPGRADING to +0 plate armour.
  5575 | D:5      | 5575 ||| UPGRADING to +0 tower shield of fire resistance.
  5585 | D:5      | 5585 ||| DROPPING +0 buckler.
  5586 | D:5      | 5586 ||| DROPPING +0 chain mail.
  5587 | D:5      | 5587 ||| READING scroll labelled CAIQEH KYEDO.
  5588 | D:5      | 5588 ||| READING scroll labelled BUONGI DUINETT.
  5589 | D:5      | 5589 ||| READING 4 scrolls of identify.
  5589 | D:5      | 5589 ||| IDENTIFYING fizzy golden potion
  5590 | D:5      | 5590 ||| READING 3 scrolls of identify.
  5590 | D:5      | 5590 ||| IDENTIFYING lumpy black potion
  5591 | D:5      | 5591 ||| READING 2 scrolls of identify.
  5591 | D:5      | 5591 ||| IDENTIFYING blue potion
  5592 | D:5      | 5592 ||| DROPPING potion of invisibility.
  5593 | D:5      | 5593 ||| DROPPING potion of berserk rage.
  5594 | D:5      | 5594 ||| DROPPING potion of lignification.
  5631 | D:6      | 5631 ||| Stepping ~*~*~tactically~*~*~ (hiding).
  5633 | D:6      | 5633 ||| INVOKING Berserk.
  5636 | D:6      | Reached skill level 4 in Shields
  5906 | D:6      | 5906 ||| Stepping ~*~*~tactically~*~*~ (stealth).
  5907 | D:6      | 5907 ||| Stepping ~*~*~tactically~*~*~ (stealth).
  5918 | D:6      | Reached skill level 5 in Shields
  5921 | D:6      | 5921 ||| Stepping ~*~*~tactically~*~*~ (stealth).
  5943 | D:6      | 5943 ||| Stepping ~*~*~tactically~*~*~ (stealth).
  5962 | D:6      | 5962 ||| INVOKING Berserk.
  5966 | D:6      | Reached skill level 6 in Shields
  6150 | D:6      | 6150 ||| DROPPING +0 flail.
  6225 | D:6      | Reached skill level 7 in Shields
  6400 | D:6      | Reached XP level 9. HP: 75/75 MP: 8/8
  6637 | D:6      | Reached **** piety under Trog
  6652 | D:6      | Found a transporter.
  6655 | D:6      | Noticed a kobold demonologist
  6667 | D:6      | Found a transporter.
  6688 | D:6      | 6688 ||| Stepping ~*~*~tactically~*~*~ (stealth).
  6844 | D:7      | 6844 ||| STAIRDANCE
  6889 | D:7      | 6889 ||| Stepping ~*~*~tactically~*~*~ (hiding).
  6894 | D:7      | 6894 ||| Stepping ~*~*~tactically~*~*~ (stealth).
  6895 | D:7      | 6895 ||| Stepping ~*~*~tactically~*~*~ (stealth).
  6896 | D:7      | 6896 ||| Stepping ~*~*~tactically~*~*~ (stealth).
  6897 | D:7      | 6897 ||| Stepping ~*~*~tactically~*~*~ (stealth).
  6936 | D:7      | 6936 ||| Stepping ~*~*~tactically~*~*~ (stealth).
  6940 | D:7      | 6940 ||| Stepping ~*~*~tactically~*~*~ (stealth).
  6947 | D:7      | 6947 ||| INVOKING Berserk.
  6950 | D:7      | Reached skill level 8 in Shields
  7088 | D:7      | 7088 ||| Stepping ~*~*~tactically~*~*~ (stealth).
  7092 | D:7      | 7092 ||| Stepping ~*~*~tactically~*~*~ (stealth).
  7197 | D:7      | Found a runed translucent door.
  7204 | D:7      | Noticed qw's ghost (novice GrFi)
  7249 | D:7      | Found a faded altar of an unknown god.
  7249 | D:7      | Found a faded altar of an unknown god.
  7249 | D:7      | Found a hazy altar of Hepliaklqana.
  7250 | D:7      | 7250 ||| Stepping ~*~*~tactically~*~*~ (hiding).
  7254 | D:7      | Found a faded altar of an unknown god.
  7256 | D:7      | Reached skill level 9 in Shields
  7373 | D:7      | Found a sacrificial altar of Ru.
  7376 | D:7      | 7376 ||| INVOKING Berserk.
  7401 | D:7      | 7401 ||| Stepping ~*~*~tactically~*~*~ (stealth).
  7599 | D:7      | Found Qityerph's Antique Weapon Shop.
  7804 | D:8      | Reached skill level 10 in Shields
  7811 | D:8      | 7811 ||| INVOKING Berserk.
  7816 | D:8      | HP: 18/112 [yak (11)]
  7820 | D:8      | Reached skill level 11 in Shields
  8139 | D:8      | Reached skill level 12 in Shields
  8139 | D:8      | Reached XP level 10. HP: 50/83 MP: 9/9
  8429 | D:8      | 8429 ||| Stepping ~*~*~tactically~*~*~ (hiding).
  8515 | D:8      | Noticed Prince Ribbit
  8532 | D:8      | Killed Prince Ribbit
  8771 | D:8      | Paralysed by a hornet for 1 turns
  8773 | D:8      | 8773 ||| INVOKING Berserk.
  8773 | D:8      | HP: 30/124 [poisoned by a hornet]
  8773 | D:8      | HP: 12/124 [hornet (5)]
  8775 | D:8      | Succumbed to a hornet's poison

Levels and vault maps discovered:
D:1:      dpeg_arrival_tiny_c, layout_rooms, ebering_ecumenical_altar_box
D:2:      layout_rooms, lemuel_old_faithful
D:3:      layout_basic, mainiacjoe_overflow_concentric_impassable,
          gammafunk_ghost_smash, nicolae_shop_vocational
D:4:      layout_loops_ring, nicolae_uskayaw_dance_hall,
          nicolae_gozag_zags_fifth_avenue, mainiacjoe_overflow_two_lobes,
          enter_ossuary_2, uniq_crazy_yiuf_cottage, uniq_duvessa
D:5:      layout_rooms, vehumet_crystals, minmay_temple_entry_drinking_statues,
          serial_shops, nicolae_stop_n_shop_2, st_stairs_2, uniq_edmund,
          uniq_ijyb, uniq_pikel
D:6:      gammafunk_wand_slinger, layout_basic, minmay_lizard_king
D:7:      layout_rooms, nicolae_ru_sacrificial_ziggurat,
          nicolae_hepliaklqana_ecumenical_no_more,
          ebering_ghost_reflecting_pool, serial_shops,
          nicolae_shop_window_shopping
D:8:      hangedman_cross_veins, layout_loops_ring, uniq_prince_ribbit1

Skill      XL: |  1  2  3  4  5  6  7  8  9 |
---------------+----------------------------+-----
Axes           | 4 5 6 7 10 11 | 11.6
Shields        | 2 3 7 12 | 12.0
Fighting       | 4 6 |  6.2
Armour         | 3 4 |  4.2
Dodging        | |  2.1

Action                   |  1- 3 |  4- 6 |  7- 9 | 10-12 || total
-------------------------+-------+-------+-------+-------++-------
Melee: Hand axe          |    58 |       |       |       ||    58
       Headbutt          |    11 |    10 |    28 |     3 ||    52
       War axe           |    47 |    91 |   205 |    35 ||   378
Invok: Berserk           |     1 |     5 |     7 |     1 ||    14
  Use: Scroll            |     7 |     6 |     5 |       ||    18
       Potion            |     2 |     4 |       |       ||     6
Armor: Animal skin       |    13 |       |       |       ||    13
       Ring mail         |    15 |       |       |       ||    15
       Chain mail        |     1 |    23 |     9 |       ||    33
       Plate armour      |       |       |    54 |    23 ||    77
Dodge: Dodged            |    73 |    27 |    32 |    12 ||   144
Block: Buckler           |       |    11 |     3 |       ||    14
       Tower shield      |       |       |    97 |    44 ||   141

Table legend:
 A = Non-vault XP
 B = Vault XP
 C = Vault XP percentage of total XP
 D = Non-vault monster count
 E = Vault monster count
 F = Vault count percentage of total count
                 A         B        C        D         E       F
            +---------+---------+-------+---------+---------+-------
      Total |    4525 |    1621 |  26.4 |     150 |      33 |  18.0
            +---------+---------+-------+---------+---------+-------
        D:1 |      48 |       0 |   0.0 |      21 |       0 |   0.0
        D:2 |      43 |       0 |   0.0 |      25 |       0 |   0.0
        D:3 |      14 |       0 |   0.0 |       8 |       0 |   0.0
        D:4 |     158 |     208 |  56.8 |      14 |       2 |  12.5
        D:5 |     508 |     904 |  64.0 |      11 |       5 |  31.2
        D:6 |     953 |      43 |   4.3 |      30 |       8 |  21.1
        D:7 |     819 |       0 |   0.0 |      22 |       0 |   0.0
        D:8 |    1982 |     312 |  13.6 |      19 |       2 |   9.5
    Ossuary |       0 |     154 | 100.0 |       0 |      16 | 100.0
            +---------+---------+-------+---------+---------+-------
